Map: New Gettysburg LE

Players

Nickos

  • Race: Terran Terran
  • League: Gold

Symba - Winner!

  • Race: Zerg Zerg
  • League: Gold

VOD

Have the link to the VOD?

Description

Time

  • Played on: Sept. 22, 2016, 9:33 p.m.
  • Length: 8:47
Show
View Real Time Build Order
Export as new Build Order

Nickos Terran 

Build Orders: MMM Bio 

Get SALT Encoding   

  12  0:01  SCV  
  13  0:13  SCV  
  14  0:19  Supply Depot  
  14  0:25  SCV  
  15  0:41  SCV  
  16  0:43  Barracks  
  16  0:53  SCV  
  17  1:05  SCV  
  18  1:19  Command Center  
  18  1:23  SCV  
  19  1:31  Marine  
  20  1:35  Barracks  
  21  1:44  Orbital Command  
  20  1:49  Marine  
  20  2:01  Supply Depot  
  20  2:07  Marine  
  20  2:22  Marine  
  20  2:25  Marine  
  22  2:33  SCV  
  23  2:40  Marine  
  23  2:41  Bunker  
  24  2:44  Marine  
  24  2:45  SCV  
  24  2:50  Refinery, Barracks  
  26  2:58  Marine  
  27  3:00  Orbital Command  
  27  3:04  Marine  
  28  3:10  SCV  
  29  3:24  Marine x2  
  31  3:29  SCV x2  
  34  3:41  SCV x2  
  34  3:44  Barracks Reactor  
  35  3:51  Refinery, Barracks  
  35  3:52  Barracks Tech Lab  
  35  3:53  SCV  
  35  3:55  SCV  
  37  4:05  SCV  
  37  4:07  SCV  
  39  4:12  Supply Depot  
  39  4:17  SCV  
  39  4:23  SCV  
  41  4:29  SCV  
  41  4:31  Engineering Bay, Supply Depot  
  42  4:32  Engineering Bay  
  42  4:33  Barracks Reactor  
  42  4:34  Supply Depot, Stimpack  
  42  4:35  Marine x2  
  42  4:38  Marauder  
  46  4:43  Marine  
  47  4:49  Refinery  
  47  4:53  Marine  
  47  5:00  Marauder  
  47  5:03  Factory  
  47  5:05  Supply Depot, SCV  
  47  5:06  SCV  
  51  5:16  Terran Infantry Weapons Level 1  
  51  5:21  Marine x3  
  51  5:22  Marine  
  51  5:23  Barracks Reactor  
  51  5:27  Marauder  
  58  5:28  SCV x2  
  59  5:38  Bunker  
  59  5:39  Marine x4  
  59  5:40  SCV  
  64  5:45  SCV  
  64  5:48  Factory Reactor, Marine  
  66  5:50  Starport  
  66  5:52  SCV  
  66  5:55  Supply Depot  
  66  5:57  Marine  
  67  5:59  Terran Infantry Armor Level 1  
  67  6:00  Marine x2  
  67  6:01  Marine x2  
  72  6:05  SCV x2  
  72  6:06  Marine  
  72  6:10  Marauder  
  77  6:17  SCV  
  78  6:22  Command Center, Marine  
  79  6:33  Marine x3  
  79  6:34  Marine x2  
  84  6:40  Marine x2  
  85  6:54  Medivac x2, Supply Depot  
  85  6:57  Supply Depot  
  85  6:58  SCV x2  
  85  7:00  Combat Shields  
  91  7:07  Marine  
  92  7:10  SCV x2  
  92  7:13  Liberator, Marine x4  
  97  7:24  Medivac  
  97  7:26  Marine x3  
  78  7:30  Marine  
  78  7:31  Marine  
  78  7:32  Marine x2  
  78  7:37  Armory, SCV  
  81  7:38  SCV  
  81  7:44  Supply Depot, Marine x2  
  84  7:46  Supply Depot  
  84  7:49  SCV, Marauder  
  84  7:50  Marine  
  89  7:51  Marine  
  91  8:05  SCV x2  
  91  8:07  Marine x2  
  91  8:08  Marine  
  95  8:23  Marine x2  
  95  8:24  Marauder  
Show
View Real Time Build Order
Export as new Build Order

Symba Zerg - Winner!

Build Orders: Pool First 

Get SALT Encoding   

  12  0:01  Drone  
  13  0:28  Drone, Spawning Pool  
  12  0:35  Drone  
  14  0:41  Drone, Extractor  
  14  0:45  Overlord  
  15  1:15  Queen  
  15  1:16  Zergling x6  
  20  1:29  Hatchery  
  19  1:44  Drone x2  
  21  1:56  Queen  
  21  1:57  Extractor  
  22  2:24  Overlord x3  
  21  2:42  Hatchery  
  21  2:43  Drone  
  21  2:50  Drone  
  22  2:58  Drone  
  22  2:59  Drone  
  24  3:06  Metabolic Boost  
  24  3:15  Drone x2  
  26  3:20  Drone  
  26  3:24  Overlord  
  27  3:32  Overlord  
  27  3:35  Drone  
  27  3:36  Drone  
  29  3:43  Zergling x4  
  29  3:44  Zergling x2  
  32  3:49  Zergling x4  
  34  3:56  Zergling x4  
  34  4:00  Zergling x4  
  34  4:02  Zergling x2  
  39  4:06  Drone  
  39  4:07  Drone  
  39  4:09  Drone  
  42  4:17  Overlord  
  42  4:18  Drone x2  
  44  4:25  Queen  
  44  4:27  Drone  
  47  4:32  Drone x2  
  47  4:33  Drone  
  47  4:37  Overlord  
  50  4:40  Drone  
  51  4:50  Drone x2  
  51  4:51  Drone x3  
  54  5:00  Drone x4  
  58  5:08  Extractor  
  58  5:10  Drone  
  58  5:11  Drone x6  
  64  5:14  Queen  
  66  5:26  Overlord  
  66  5:28  Baneling Nest  
  65  5:29  Drone x3  
  65  5:31  Drone x3  
  71  5:35  Extractor  
  69  5:45  Drone x2  
  69  5:46  Drone x3, Extractor  
  73  5:51  Lair  
  73  5:54  Overlord x2  
  73  5:58  Queen  
  73  6:00  Drone x3  
  78  6:05  Evolution Chamber  
  78  6:08  Evolution Chamber  
  76  6:13  Zergling x2  
  76  6:14  Zergling x22  
  88  6:34  Zerg Melee Weapons Level 1, Zerg Ground Armor Level 1  
  88  6:36  Zergling x12  
  88  6:38  Queen  
  88  6:39  Queen  
  97  6:53  Zergling x20  
  107  6:59  Overseer, Hatchery  
  107  7:00  Centrifical Hooks  
  106  7:01  Baneling  
  106  7:02  Baneling x4  
  106  7:03  Zergling x2  
  106  7:04  Zergling x2  
  108  7:12  Zergling x8  
  103  7:39  Spire  
  103  7:41  Extractor  
  103  7:42  Drone x3  
  103  7:43  Drone x3, Extractor  
  106  7:44  Drone x2  
  106  7:48  Baneling  
  106  7:49  Baneling x11, Zergling x2  
  106  7:50  Zergling x8  
  113  7:52  Overlord  
  113  7:53  Overlord x5  
  113  8:01  Spore Crawler x2  
  113  8:03  Spore Crawler  
  110  8:11  Zergling x18  
  119  8:17  Zergling x4  
  121  8:26  Zergling x2  
  113  8:27  Zergling x4  
Tags
 
Composition
MMM Bio
League
GoldGold
Matchup
TvZ
Opening
Pool First
Replay Pack
Nickos replay
Add a new tag
Caveats
  • Supply blocks, unpowered buildings, or Contaminate may cause inaccurate times.
  • Supply counts are checked every 10 seconds.